 Dungeon Crawl Stone Soup version 0.26-a0-52-gd53d4cd058 (webtiles) character file.

Game seed: 7427871597147634301

2002 Hasart the Slicer (level 9, -3/54 HPs)
             Began as a Kobold Assassin on June 6, 2020.
             Was an Initiate of Okawaru.
             Shot with an arrow by a centaur (5 damage)
             ... on level 6 of the Dungeon.
             The game lasted 00:14:23 (7418 turns).

Hasart the Slicer (Kobold Assassin)                 Turns: 7418, Time: 00:14:24

Health: -3/54      AC:  6    Str:  9    XL:     9   Next: 45%
Magic:  10/10      EV: 17    Int: 10    God:    Okawaru [......]
Gold:   168        SH:  0    Dex: 17    Spells: 8/8 levels left

rFire    . . .     SeeInvis .   w - +3 short sword (drain)
rCold    + . .     Gourm    .   (shield restricted)
rNeg     . . .     Faith    .   y - +0 leather armour
rPois    .         Spirit   .   (no helmet)
rElec    .         Reflect  .   s - +2 cloak {Stlth+}
rCorr    .         Harm     .   (no gloves)
MR       .....                  (no boots)
Stlth    ++++......             (no amulet)
HPRegen  0.18/turn              b - -4 ring of intelligence (curse)
MPRegen  0.12/turn              m - ring of protection from cold

@: drained
A: small, carnivore
a: Renounce Religion


You were on level 6 of the Dungeon.
You worshipped Okawaru.
Okawaru was noncommittal.
You were completely stuffed.

You visited 2 branches of the dungeon, and saw 7 of its levels.

You collected 204 gold pieces.
You spent 36 gold pieces at shops.

Inventory:

Hand Weapons
 t - a +1 antimagic dagger
 w - a +3 short sword of draining (weapon)
Missiles
 d - 7 poisoned darts
 e - a curare-tipped dart (quivered)
Armour
 s - a +2 cloak of stealth (worn)
 y - a +0 leather armour (worn)
Jewellery
 b - a cursed -4 ring of intelligence (left hand)
 k - an uncursed ring of fire
 m - a ring of protection from cold (right hand)
 r - a +4 ring of evasion
Wands
 l - a wand of disintegration (14)
Scrolls
 a - a scroll of enchant armour
 i - 3 scrolls of enchant weapon
 j - 2 scrolls of amnesia
 n - a scroll of summoning {unknown}
 u - 4 scrolls of identify
Potions
 g - 3 potions of heal wounds
 h - a potion of berserk rage {unknown}
 v - 8 potions of curing
 x - 3 potions of might {unknown}
Comestibles
 f - 8 rations


   Skills:
 + Level 5.5(4.6) Fighting
 * Level 9.2(8.2) Short Blades
 + Level 5.5(4.6) Throwing
 + Level 5.6(4.7) Dodging
 + Level 8.5(7.6) Stealth
 + Level 2.3(1.5) Evocations


You had 8 spell levels left.
You didn't know any spells.
Your spell library was empty.

Dungeon Overview and Level Annotations

Branches:
Dungeon (6/15)             Temple (1/1) D:5

Altars:
Ashenzari
Cheibriados
Elyvilon
Fedhas
Gozag
Hepliaklqana
Kikubaaqudgha
Makhleb
Nemelex Xobeh
Okawaru
Qazlal
Ru
Trog
Uskayaw
Vehumet
Wu Jian
Xom
Yredelemnul
Zin
The Shining One

Shops:
D:4 [*


Innate Abilities, Weirdness & Mutations

You are small and have problems with some larger weapons.
You are carnivorous and can eat meat at any time.


Message History

You barely miss the wight.
The wight is almost destroyed.
A hound zombie comes into view.
The centaur completely misses you.
The crimson imp blinks!
You completely miss the wight.
The wight is almost destroyed.
The wight hits you with a +5 scimitar!
* * * LOW HITPOINT WARNING * * *
You feel drained.
The centaur hits you but does no damage.
You hit the wight.
You destroy the wight!
Okawaru accepts your kill. The centaur misses you.
You hit the orc.
The orc is almost dead.
The orc barely misses you. The centaur barely misses you.
The centaur wields a +0 shortbow.
The centaur shoots an arrow.
The arrow hits you.
You die...

.#######†..##... ........).......
.######.....#### #
..........#.#####..
......#..##........ ..
#.......#(####....... #.
..#.................. #.
#..#.....#)..†[..##
#.###..#.......Z@....#
#......####..........# #......#
#.##..ocz..# #[.....#
#.#####.#### ### . #.<....# #.#
#.z #.. .. #..c...####.### ##o#
#.# ... #...gg.##.....#..... #.#
.... #.....g#.....(..$....
##.###Z....
##.##.c(og............#.<)S{o....


You could see a centaur, 2 wights, an orc priest, an orc and a hound zombie.

Vanquished Creatures
  Grinder (D:3)
  Edmund (D:4)
  A water moccasin (D:5)
  An orc warrior (D:5)
  An eye of draining (D:4)
  2 phantoms (D:5)
  2 centaurs
  2 bullfrogs (D:5)
  4 scorpions
  A wight (D:6)
  2 howler monkeys
  3 crimson imps
  A bullfrog zombie (D:5)
  2 hounds
  An orc priest (D:3)
  Crazy Yiuf (D:3)
  2 orc wizards
  Natasha (D:3)
  3 worker ants
  3 gnolls (D:5)
  6 adders
  A shadow imp (D:5)
  2 oozes (D:4)
  An adder skeleton (D:4)
  3 worms
  2 dart slugs
  4 leopard geckos
  19 orcs
  4 giant cockroaches
  4 hobgoblins
  12 jackals
  8 kobolds
  2 quokkas
  2 ball pythons
  8 bats
  5 frilled lizards
  8 goblins
  A leopard gecko skeleton (D:5)
  A quokka zombie (D:5)
  7 rats
135 creatures vanquished.

Notes
Turn   | Place    | Note
-------+----------+-------------------------------------------
     0 | D:1      | Hasart the Kobold Assassin began the quest for the Orb.
     0 | D:1      | Reached XP level 1. HP: 12/12 MP: 1/1
   318 | D:1      | Reached skill level 3 in Short Blades
   319 | D:1      | Reached XP level 2. HP: 8/18 MP: 2/2
  1326 | D:2      | Reached XP level 3. HP: 5/22 MP: 3/3
  1597 | D:2      | Reached XP level 4. HP: 27/27 MP: 4/4
  1614 | D:2      | Found an opulent altar of Gozag.
  2058 | D:2      | Reached skill level 4 in Short Blades
  2200 | D:2      | Reached XP level 5. HP: 32/32 MP: 5/5
  2481 | D:3      | Found a hazy altar of Hepliaklqana.
  2533 | D:3      | Found a glowing silver altar of Zin.
  2537 | D:3      | Found an ancient bone altar of Kikubaaqudgha.
  2537 | D:3      | Found a hide-covered altar of Uskayaw.
  2586 | D:3      | Found a snail-covered altar of Cheibriados.
  2692 | D:3      | Found a runed translucent door.
  2693 | D:3      | Noticed Crazy Yiuf
  2706 | D:3      | Killed Crazy Yiuf
  3134 | D:3      | Noticed Grinder
  3138 | D:3      | Killed Grinder
  3138 | D:3      | Reached skill level 5 in Short Blades
  3138 | D:3      | Reached XP level 6. HP: 37/37 MP: 6/6
  3202 | D:3      | Noticed Natasha
  3204 | D:3      | Killed Natasha
  3204 | D:3      | Reached XP level 7. HP: 42/42 MP: 7/7
  3299 | D:3      | Found a faded altar of an unknown god.
  3313 | D:3      | Reached skill level 6 in Short Blades
  3682 | D:3      | Found a radiant altar of Vehumet.
  3914 | D:4      | Found Raves's Armour Emporium.
  3945 | D:4      | Found a bloodstained altar of Trog.
  4087 | D:4      | Found Guon's General Store.
  4104 | D:4      | Bought a potion of curing for 36 gold pieces
  4125 | D:4      | Reached XP level 8. HP: 48/48 MP: 8/8
  4199 | D:4      | Reached skill level 7 in Short Blades
  4758 | D:4      | Found a white marble altar of Elyvilon.
  4992 | D:4      | Noticed Edmund
  4996 | D:4      | Killed Edmund
  5570 | D:5      | Entered Level 5 of the Dungeon
  5836 | D:5      | Reached skill level 8 in Short Blades
  6106 | D:5      | Reached skill level 5 in Fighting
  6106 | D:5      | Reached skill level 5 in Dodging
  6376 | D:5      | Reached skill level 5 in Throwing
  6376 | D:5      | Reached skill level 1 in Evocations
  6376 | D:5      | Reached XP level 9. HP: 43/54 MP: 9/9
  6465 | D:5      | Found a staircase to the Ecumenical Temple.
  6476 | Temple   | Entered the Ecumenical Temple
  6711 | Temple   | Became a worshipper of Warmaster Okawaru
  7067 | D:5      | Reached skill level 9 in Short Blades
  7415 | D:6      | HP: 2/54 [wight/+5 scimitar (11)]
  7418 | D:6      | Shot with an arrow by a centaur

Illustrated notes

Levels and vault maps discovered:
D:1:      minmay_arrival_cross, layout_loops_ring, minivault_5
D:2:      layout_loops_ring, nicolae_overflow_crystal_walls
D:3:      layout_loops_ring, lemuel_crystal_altar,
          nicolae_overflow_quartered_altars, overflow_temple_1_default,
          chequers_ecumenical_altar_lobes, first_ration,
          uniq_crazy_yiuf_cottage, uniq_natasha, uniq_grinder
D:4:      layout_gridville, trog_eyes_of_draining,
          nicolae_overflow_hidden_temple, serial_shops, shop,
          kennysheep_windowed_goal, uniq_edmund
D:5:      layout_rooms, minmay_temple_entry_fiery
D:6:      layout_rooms, nicolae_dithmenos_through_a_glass_darkly
Temple:   minmay_temple_curvy_loop

Skill      XL: |  1  2  3  4  5  6  7  8  9 |
---------------+----------------------------+-----
Short Blades   | 3 4 5 6 8 9 |  9.2
Dodging        | 2 3 4 5 |  5.6
Throwing       | 3 4 5 |  5.5
Fighting       | 3 4 5 |  5.5
Stealth        | 6 7 8 |  8.5
Evocations     | 1 2 |  2.3

Action                   |  1- 3 |  4- 6 |  7- 9 || total
-------------------------+-------+-------+-------++-------
Melee: Dagger            |    55 |   182 |   128 ||   365
       Short sword       |       |       |   235 ||   235
Throw: Dart              |    10 |    11 |    24 ||    45
  Use: Scroll            |       |       |     9 ||     9
 Stab: Sleeping          |     3 |    12 |    12 ||    27
       Distracted        |       |       |     1 ||     1
  Eat: Chunk             |     7 |     9 |    13 ||    29
Armor: Robe              |     8 |    31 |     5 ||    44
       Leather armour    |       |       |    27 ||    27
Dodge: Dodged            |    33 |   106 |   219 ||   358

Table legend:
 A = Non-vault XP
 B = Vault XP
 C = Vault XP percentage of total XP
 D = Non-vault monster count
 E = Vault monster count
 F = Vault count percentage of total count
                 A         B        C        D         E       F
            +---------+---------+-------+---------+---------+-------
      Total |    2152 |     708 |  24.8 |     126 |       9 |   6.7
            +---------+---------+-------+---------+---------+-------
        D:1 |      18 |       0 |   0.0 |      11 |       0 |   0.0
        D:2 |     126 |       0 |   0.0 |      34 |       0 |   0.0
        D:3 |     272 |     352 |  56.4 |      30 |       3 |   9.1
        D:4 |     379 |     356 |  48.4 |      16 |       6 |  27.3
        D:5 |    1101 |       0 |   0.0 |      26 |       0 |   0.0
        D:6 |     256 |       0 |   0.0 |       9 |       0 |   0.0
            +---------+---------+-------+---------+---------+-------
